Match 27541691
Unlisted

Match 27541691
End
Construct Barracks
Selects Advanced Infantry Battlegroup
Riflemen Squad
Riflemen Squad
1⁄4-ton 4x4 Truck
Grenade Package
Construct Weapon Support Center
M1919 Machine Gun Team
Infantry Support Center
Selects Convert to Ranger Squad
M3 Armored Personnel Carrier
Selects Frontline Medical Station
Convert to Ranger Squad
Advanced Logistics
cannotseethis
Friendly Mouse(Poxie)
neurotypical cattle
m1034
stevenhart755
citizen
CaseAG
158212752
0
0

Comments sign in to comment!

No comments posted yet!